[Event "V. Korchnoy Memorial 2018"]
[Site "St. Petersburg"]
[Date "2018.08.19"]
[Round "5"]
[White "Savitskiy, Sergey"]
[Black "Levin, Evgeny A"]
[Result "1/2-1/2"]
[ECO "B97"]
[WhiteElo "2418"]
[BlackElo "2523"]
[Annotator "RC"]
[PlyCount "80"]
[EventDate "2018.08.15"]
[EventType "swiss"]
[EventCountry "RUS"]
[SourceTitle "playchess.com"]
[Source "ChessBase"]
[SourceQuality "1"]
[TimeControl "5400+30"]

1. e4 c5 2. Nf3 d6 3. d4 Nf6 4. Nc3 cxd4 5. Nxd4 a6 6. Bg5 e6 7. f4 Qb6 8. Qd2 Qxb2 9. Rb1 Qa3 10. Be2 Nbd7 11. O-O Be7 12. f5 e5 13. Ne6 fxe6 14. fxe6 O-O 15. exd7 Bxd7 16. Nd5 Bd8 17. Bxf6 Bxf6 18. Nxf6+ Rxf6 19. Rxf6 gxf6 20. Rb3 Qc5+ 21. Kh1 Qd4 22. Qxd4 exd4 23. Rxb7 Bb5 24. Bg4 Re8 25. Kg1 Rxe4 26. Bf3 Re1+ 27. Kf2 Re5 28. Rb6 Rc5 29. Be4 f5 30. Bd3 Bxd3 31. cxd3 Rc2+ 32. Kf3 Rxa2 33. Rxd6 Kg7 34. Rxd4 a5 35. Rd7+ Kg6 36. Rd6+ Kf7 37. Rd7+ Kg6 38. Rd6+ Kf7 39. Rd7+ Kg6 40. Rd6+ Kf7 {[%emt 0:00:06] Ke4} 1/2-1/2

[Event "V. Korchnoy Memorial 2018"]
[Site "St. Petersburg"]
[Date "2018.08.19"]
[Round "5"]
[White "Bykov, Oleg"]
[Black "Pridorozhni, Aleksei"]
[Result "1/2-1/2"]
[ECO "A43"]
[WhiteElo "2383"]
[BlackElo "2564"]
[Annotator "ChessBase"]
[PlyCount "81"]
[EventDate "2018.08.15"]
[EventType "swiss"]
[EventCountry "RUS"]
[SourceTitle "playchess.com"]
[Source "ChessBase"]
[SourceQuality "1"]
[TimeControl "5400+30"]

1. d4 g6 2. c4 Bg7 3. Nc3 c5 4. d5 Bxc3+ 5. bxc3 f5 6. Nf3 d6 7. h4 Nf6 8. Bg5 Qa5 9. Bxf6 exf6 10. Qc2 h5 11. e3 Nd7 12. Rb1 Ne5 13. Nxe5 fxe5 14. Bd3 Qc7 15. f4 exf4 16. exf4 Bd7 17. O-O Kf7 18. Qb3 b6 19. a4 Rhe8 20. Kf2 Re7 21. Rfe1 Rxe1 22. Rxe1 Re8 23. g3 Rxe1 24. Kxe1 Ke8 25. Kd2 Kd8 26. Bc2 Kc8 27. Bd3 Qd8 28. Bc2 Kc7 29. Bd3 Qc8 30. Bc2 Qa6 31. Kc1 Kd8 32. Kb2 Ke7 33. Kc1 Kf8 34. Kb2 Qa5 35. Qa2 Be8 36. Qb3 Qa6 37. Kc1 Kg7 38. Kd2 Bd7 39. Kc1 Qa5 40. Kb2 Kg8 41. Qa2 1/2-1/2

[Event "V. Korchnoy Memorial 2018"]
[Site "St. Petersburg"]
[Date "2018.08.19"]
[Round "5"]
[White "Tran, Minh Thang"]
[Black "Paravyan, David"]
[Result "0-1"]
[ECO "A45"]
[WhiteElo "2335"]
[BlackElo "2630"]
[Annotator "ChessBase"]
[PlyCount "96"]
[EventDate "2018.08.15"]
[EventType "swiss"]
[EventCountry "RUS"]
[SourceTitle "playchess.com"]
[Source "ChessBase"]
[SourceQuality "1"]
[TimeControl "5400+30"]

1. d4 Nf6 2. Bf4 c5 3. e3 Qb6 4. Nc3 a6 5. a3 d5 6. Nf3 cxd4 7. exd4 Bg4 8. Be2 Nc6 9. Na4 Qd8 10. Nc5 e6 11. b4 Ne4 12. Nxb7 Qb6 13. Nc5 Nc3 14. Qd3 Nxe2 15. Kxe2 Bf5 16. Qc3 Qb5+ 17. Kd2 a5 18. bxa5 Bxc5 19. dxc5 O-O 20. Nd4 Nxd4 21. Qxd4 Rxa5 22. a4 Qxc5 23. Qxc5 Rxc5 24. c3 Ra8 25. Bd6 Rca5 26. Ra3 R5a6 27. Bb4 Rxa4 28. Rha1 Rxa3 29. Rxa3 Rb8 30. Ke3 h5 31. Ra5 h4 32. f3 Kh7 33. g4 hxg3 34. hxg3 Kg6 35. Ra2 Kh7 36. Ra7 Bg6 37. Kd4 Rc8 38. Bc5 Kg8 39. Ra6 Bc2 40. Ra5 Bd1 41. Ke3 Kh7 42. Bb4 Kg6 43. Rc5 Ra8 44. Ba5 Bb3 45. Kf4 Bc4 46. Ke3 Rh8 47. Bb4 Rh2 48. Ra5 e5 0-1

[Event "V. Korchnoy Memorial 2018"]
[Site "St. Petersburg"]
[Date "2018.08.20"]
[Round "6"]
[White "Paravyan, David"]
[Black "Golubov, Saveliy"]
[Result "1-0"]
[ECO "C42"]
[WhiteElo "2630"]
[BlackElo "2470"]
[Annotator "RC"]
[PlyCount "55"]
[EventDate "2018.08.15"]
[EventType "swiss"]
[EventCountry "RUS"]
[SourceTitle "playchess.com"]
[Source "ChessBase"]
[SourceQuality "1"]
[TimeControl "5400+30"]

1. e4 e5 2. Nf3 Nf6 3. Nxe5 d6 4. Nf3 Nxe4 5. d4 d5 6. Bd3 Bd6 7. O-O O-O 8. c4 c6 9. Qb3 dxc4 10. Bxc4 Nd7 11. Re1 Ndf6 12. Nbd2 Nxd2 13. Bxd2 Qb6 14. Qd3 Qxb2 15. Rab1 Qa3 16. Qc2 Nd5 17. Rb3 Qa4 18. Bxd5 cxd5 19. Ng5 g6 20. Nxh7 Bf5 21. Nf6+ Kg7 22. Bh6+ Kxf6 23. g4 Bf4 24. Qc7 Bxh6 25. Qe5+ Kg5 26. h4+ Kxh4 27. Rh3+ Kg5 28. Qe7+ 1-0

[Event "V. Korchnoy Memorial 2018"]
[Site "St. Petersburg"]
[Date "2018.08.20"]
[Round "6"]
[White "Levin, Evgeny A"]
[Black "Karasev, Vladimir I"]
[Result "1-0"]
[ECO "E53"]
[WhiteElo "2523"]
[BlackElo "2334"]
[Annotator "ChessBase"]
[PlyCount "49"]
[EventDate "2018.08.15"]
[EventType "swiss"]
[EventCountry "RUS"]
[SourceTitle "playchess.com"]
[Source "ChessBase"]
[SourceQuality "1"]
[TimeControl "5400+30"]

1. d4 Nf6 2. c4 e6 3. Nf3 d5 4. Nc3 Bb4 5. e3 O-O 6. Bd3 c5 7. cxd5 exd5 8. dxc5 Nc6 9. O-O Bxc5 10. h3 Re8 11. b3 a6 12. Bb2 Qd6 13. Rc1 Bd7 14. Bb1 Rad8 15. Nxd5 Ne4 16. Bxe4 Rxe4 17. Ng5 Rh4 18. Qf3 Be8 19. Rxc5 Qxc5 20. Nf6+ Kh8 21. Nxe8 Rxe8 22. Bxg7+ Kxg7 23. Qxf7+ Kh6 24. Qf6+ Kh5 25. Nf7 1-0

[Event "V. Korchnoy Memorial 2018"]
[Site "St. Petersburg"]
[Date "2018.08.20"]
[Round "6"]
[White "Gagare, Shardul"]
[Black "Stupak, Kirill"]
[Result "1/2-1/2"]
[ECO "A40"]
[WhiteElo "2490"]
[BlackElo "2573"]
[Annotator "RC"]
[PlyCount "205"]
[EventDate "2018.08.15"]
[EventType "swiss"]
[EventCountry "RUS"]
[SourceTitle "playchess.com"]
[Source "ChessBase"]
[SourceQuality "1"]
[TimeControl "5400+30"]

1. d4 g6 2. c4 Bg7 3. Nc3 e6 4. Nf3 Ne7 5. h4 h6 6. e4 d5 7. e5 Nbc6 8. Bf4 b6 9. Qc2 Qd7 10. a3 Bb7 11. O-O-O O-O-O 12. b4 dxc4 13. Bxc4 Nd5 14. Nxd5 exd5 15. Bb5 a6 16. Bd3 Kb8 17. Kb2 Rde8 18. Be3 Nd8 19. Nd2 Ne6 20. Nb3 g5 21. hxg5 hxg5 22. Bf5 f6 23. Rxh8 Rxh8 24. Rc1 Re8 25. exf6 Bxf6 26. Rh1 Qd6 27. Ka2 Bc8 28. Rh6 Qf8 29. Rh7 Qd6 30. Rh6 Rf8 31. g4 Kb7 32. Qb1 Ka7 33. Qc1 Bd7 34. Rh7 Kb8 35. f3 Bc8 36. Bxe6 Bxe6 37. Bg1 Rf7 38. Bh2 Qe7 39. Rxf7 Bxf7 40. Qd2 Be8 41. Qb2 Bb5 42. Be5 Qf7 43. Nd2 Bxe5 44. dxe5 d4+ 45. Ka1 Qf4 46. e6 Qe3 47. e7 Kc8 48. Ne4 Qxf3 49. Nxg5 Qxg4 50. Qd2 Kd7 51. Qe1 Be2 52. Qc1 d3 53. Qe3 Ke8 54. Ne6 Kxe7 55. Nf4+ Kd7 56. Nxd3 Kc8 57. Ne5 Qg2 58. Qd4 Kb7 59. a4 Bf1 60. a5 bxa5 61. bxa5 Bb5 62. Qc3 Qd5 63. Qf3 Qxf3 64. Nxf3 Kc6 65. Kb2 Kc5 66. Kc3 Bc6 67. Ne5 Be4 68. Nc4 Bf5 69. Nb6 Be4 70. Nc4 Bb7 71. Ne5 Bd5 72. Nd7+ Kb5 73. Nb6 Bc6 74. Nc4 Bb7 75. Ne5 Kxa5 76. Kc4 Kb6 77. Nd7+ Kc6 78. Nf6 Kb6 79. Nd7+ Ka5 80. Nf6 Bf3 81. Ne8 c6 82. Kc5 Ka4 83. Nd6 Bd5 84. Nb7 a5 85. Kb6 Kb4 86. Nxa5 c5 87. Ka6 Bc4+ 88. Kb6 Bb5 89. Nb3 c4 90. Nd4 Ba4 91. Nf5 c3 92. Ne3 Bb3 93. Kc6 Bg8 94. Kb6 Bf7 95. Kc6 Bc4 96. Nc2+ Kb3 97. Ne3 Be2 98. Kc5 Kb2 99. Kd4 Bh5 100. Nd5 c2 101. Nb4 c1=N 102. Nd3+ Nxd3 103. Kxd3 1/2-1/2